 Dungeon Crawl Stone Soup version 0.31-a0-1499-ge0622b2318 (webtiles) character file.

Game seed: 4296989723739473839

202 Curundu the Slasher (level 5, 0/48 HPs)
             Began as a Minotaur Berserker on Dec 29, 2023.
             Was a Believer of Trog.
             Incinerated by a bombardier beetle (6 damage)
             ... with a burning spray
             ... on level 4 of the Dungeon.
             The game lasted 00:07:47 (2313 turns).

Curundu the Slasher (Minotaur Berserker)            Turns: 2313, Time: 00:07:48

Health: 0/48       AC: 12    Str: 24    XL:     5   Next: 50%
Magic:  4/4        EV:  7    Int:  4    God:    Trog [**....]
Gold:   181        SH:  0    Dex:  9    Spells: 4/4 levels left

rFire   . . .        a - +0 falchion
rCold   . . .        (no shield)
rNeg    . . .        t - +0 plate armour
rPois   .            (helmet restricted)
rElec   .            b - +0 cloak
rCorr   .            (no gloves)
SInv    .            (no boots)
Will    .....        n - amulet of the acrobat Stlth
                     (no ring)
HPRegen 0.28/turn    (no ring)
MPRegen 0.09/turn

%: acrobat
@: on fire, glowing
A: horns 2, retaliatory headbutt
a: Renounce Religion, Berserk, Trog's Hand


You were on level 4 of the Dungeon.
You worshipped Trog.
Trog was pleased with you.
You visited 1 branch of the dungeon, and saw 4 of its levels.

You collected 181 gold pieces.

Inventory:

Hand Weapons
 a - a +0 falchion (weapon)
Missiles
 d - 3 javelins
 q - 5 poisoned darts (quivered)
Armour
 b - a +0 cloak (worn)
 t - a +0 plate armour (worn)
Jewellery
 n - an amulet of the acrobat (around neck)
Scrolls
 e - a scroll of enchant armour {unknown}
 f - 2 scrolls of identify {unknown}
 k - a scroll of blinking {unknown}
 m - a scroll of enchant weapon {unknown}
 o - a scroll of revelation {unknown}
 p - a scroll of fear {unknown}
Potions
 c - a potion of lignification {unknown}
 h - a potion of cancellation {unknown}
 i - a potion of haste {unknown}
 j - a potion of brilliance {unknown}
 l - a potion of might {unknown}
 r - a potion of curing {unknown}
 s - a potion of ambrosia {unknown}


   Skills:
 + Level 5.0 Fighting
 + Level 5.6 Long Blades
 + Level 0.2 Throwing
 + Level 3.6 Armour
 + Level 2.8 Dodging
 + Level 0.3 Stealth


You had 4 spell levels left.
You didn't know any spells.
Your spell library was empty.

Dungeon Overview and Level Annotations

Branches:
Dungeon (4/15)
 Temple: D:4-7

Altars:

Shops:
D:3 :


Innate Abilities, Weirdness & Mutations

You have a pair of horns on your head.
You reflexively headbutt those who attack you in melee.


Message History

The orc shouts!
Items here: ))))) [[[[ ††.
The bombardier beetle completely misses you.
There is a stone staircase leading up here.
You hit the bombardier beetle.
The bombardier beetle is moderately wounded.
The orc hits you but does no damage.
The bombardier beetle sprays incendiary fluid at you.
The burning spray hits you.
You are covered in liquid fire!
You shake off some of the fire as you move.
The liquid fire burns you! The orc attacks as it pursues you!
The orc closely misses you.
Items here: ))))) [[[[ ††.
You shake off some of the fire as you move.
The liquid fire burns you! The orc attacks as it pursues you!
The orc hits you but does no damage.
You hit the orc but do no damage. You headbutt the orc!
You kill the orc!
Trog accepts your kill. The liquid fire burns you!
* * * LOW HITPOINT WARNING * * *
The bombardier beetle sprays incendiary fluid at you.
The burning spray hits you.
You are even more covered in liquid fire!
You shake off some of the fire as you move.
The liquid fire burns you!
* * * LOW HITPOINT WARNING * * *
Items here: )))))) [[[[ †††.
You hit the bombardier beetle but do no damage.
Your headbutt misses the bombardier beetle.
The bombardier beetle is moderately wounded.
The liquid fire burns you!
* * * LOW HITPOINT WARNING * * *
The bombardier beetle barely misses you.
You furiously retaliate!
You headbutt the bombardier beetle! You barely miss the bombardier beetle.
The bombardier beetle is almost dead.
The liquid fire burns you!
You die...

###### ####
....# ...####
#..# .......
#.$##...#
#.B@...#
#.......#####
#..####.# #
..# ....
.[.?. ......
#.....$.


You could see a bombardier beetle.

Vanquished Creatures
  2 orc priests
  2 orc wizards (D:4)
  2 adders (D:2)
  2 ribbon worms (D:2)
  A dart slug (D:1)
  7 orcs
  5 bats
  9 endoplasms
  A giant cockroach (D:2)
  5 goblins
  2 hobgoblins
  2 jackals (D:1)
  3 kobolds
  2 quokkas (D:2)
  4 ball pythons
  A frilled lizard (D:2)
  4 rats
54 creatures vanquished.

Notes
Turn   | Place    | Note
-------+----------+-------------------------------------------
     0 | D:1      | Curundu the Minotaur Berserker began the quest for the Orb.
     0 | D:1      | Reached XP level 1. HP: 19/19 MP: 0/0
   234 | D:1      | Reached XP level 2. HP: 27/27 MP: 1/1
   860 | D:2      | Reached XP level 3. HP: 31/33 MP: 2/2
   907 | D:2      | Reached ** piety under Trog
   945 | D:2      | Reached XP level 4. HP: 24/41 MP: 3/3
  1290 | D:2      | Reached skill level 5 in Long Blades
  2019 | D:3      | Found Sunuxzu's Book Boutique.
  2254 | D:4      | Reached XP level 5. HP: 33/47 MP: 4/4
  2289 | D:4      | Reached skill level 5 in Fighting
  2313 | D:4      | Incinerated by a bombardier beetle

Illustrated notes

Levels and vault maps discovered:
D:1:      heliophobic_arrival_enchanted_forest, layout_basic
D:2:      cheibrodos_pilgrimage, layout_rooms, chequers_jeans
D:3:      layout_loops_ring, serial_shops, nicolae_shop_rolling_square,
          grunt_decor_arrowhead
D:4:      layout_loops_cross, temple_green, serial_shops, shop, st_stairs_1

Skill      XL: |  1  2  3  4  5 |
---------------+----------------+-----
Long Blades    | 4 5 |  5.6
Fighting       | 4 5 |  5.0
Armour         | 3 |  3.6
Throwing       | |  0.2
Dodging        | |  2.8
Stealth        | |  0.3

Action                     |  1- 3 |  4- 6 || total
---------------------------+-------+-------++-------
  Melee: Falchion          |    79 |    93 ||   172
         Headbutt          |     9 |     9 ||    18
         Punch             |     1 |       ||     1
  Throw: Dart              |       |     3 ||     3
   Stab: Sleeping          |     1 |       ||     1
 Armour: Animal skin       |    12 |       ||    12
         Ring mail         |    32 |    21 ||    53
         Plate armour      |       |    39 ||    39
  Dodge: Dodged            |    44 |    47 ||    91

Table legend: (Time is in decaauts)
 A = Elapsed time spent in this place.
 B = Non-inter-level travel time spent in this place.
 C = Inter-level travel time spent in this place.
 D = Time resting spent in this place.
 E = Time spent auto-exploring this place.
 F = Levels seen in this place.
 G = Mean time per level.
                   A        B        C        D        E       F      G
               +--------+--------+--------+--------+--------+-----+--------+
         Total |   2324 |   2324 |      0 |     75 |   1651 |   4 |  581.0 |
       Dungeon |   2324 |   2324 |      0 |     75 |   1651 |   4 |  581.0 |
               +--------+--------+--------+--------+--------+-----+--------+

Top non-repeatable levels by time:
     D:1: 786 daAuts
     D:3: 752 daAuts
     D:2: 713 daAuts
     D:4: 72 daAuts
